 Dungeon Crawl Stone Soup version 0.16-a0-3389-g45633df (console) character file.

3175 hellcat the Nimble (level 9, -14/42 HPs)
             Began as a Felid Fire Elementalist on Dec 30, 2014.
             Was the Champion of Sif Muna.
             Shot with an arrow by a centaur warrior (22 damage)
             ... on level 12 of the Dungeon.
             The game lasted 01:09:22 (10132 turns).

hellcat the Nimble (Felid Fire Elementalist)       Turns: 10132, Time: 01:09:23

Health: -14/42     AC:  8    Str:  4    XL:     9   Next: 63%
Magic:  2/26       EV: 25    Int: 21    God:    Sif Muna [******]
Gold:   942        SH:  0    Dex: 16    Spells: 4 memorised, 8 levels left
                                        Lives:  0   Deaths: 3

rFire  . . .     SeeInvis +     (weapon unavailable)
rCold  . . .     Clarity  +     (armour unavailable)
rNeg   . . .     SustAb   .     (shield unavailable)
rPois  .         Gourm    .     (helmet unavailable)
rElec  .         Spirit   .     (cloak unavailable)
rCorr  .         Warding  .     (gloves unavailable)
rMut   .         Stasis   .     (boots unavailable)
MR     ++...                    g - amulet of clarity (curse)
Stlth  ++++......               J - ring of protection from magic
                                x - +6 ring of protection

@: quick, very resistant to hostile enchantments, stealthy
A: paw claws, no armour, no weapons or thrown items, fangs 3, see invisible,
carnivore 3, speed 1, shaggy fur 2, slow metabolism 1
a: Channel Energy, Forget Spell, Renounce Religion


You were on level 12 of the Dungeon.
You worshipped Sif Muna.
Sif Muna was exalted by your worship.
You were not hungry.

You visited 2 branches of the dungeon, and saw 13 of its levels.

You collected 942 gold pieces.

Inventory:

Missiles
 f - 14 poisoned needles
Jewellery
 g - a cursed amulet of clarity (around neck)
 h - an uncursed amulet of warding
 x - a +6 ring of protection (left paw)
 E - an uncursed ring of sustain abilities
 J - a ring of protection from magic (right paw)
 N - an uncursed ring of flight
Magical devices
 s - a wand of cold (2)
 y - a wand of random effects (20)
 H - a wand of enslavement (12)
 I - a wand of enslavement (8)
 O - a wand of random effects (33)
 U - a wand of teleportation (3)
Scrolls
 e - 2 scrolls of identify
 i - 4 scrolls of remove curse
 l - 4 scrolls of teleportation
 m - a scroll of amnesia {unknown}
 n - 2 scrolls of enchant weapon {unknown}
 o - 2 scrolls of random uselessness {unknown}
 B - 2 scrolls of immolation {unknown}
 C - a scroll of fog {unknown}
 G - a scroll of brand weapon {unknown}
 K - a scroll of recharging {unknown}
 M - a scroll of silence {unknown}
 Q - 2 scrolls of noise {unknown}
 R - 2 scrolls of fear {unknown}
Potions
 a - 2 potions of cancellation
 k - a potion of poison
 p - 6 potions of curing
 q - a potion of mutation
 r - 2 potions of heal wounds
 v - 2 potions of haste
 w - 2 potions of lignification
 z - 2 potions of agility
 A - 2 potions of berserk rage
 D - a potion of restore abilities {unknown}
 F - 2 potions of ambrosia {unknown}
 L - 2 potions of magic {unknown}
Books
 b - a book of Flames

   Spells                             Type                      Level
   a - Flame Tongue                   Conjuration/Fire             1
   b - Throw Flame                    Conjuration/Fire             2
   c - Conjure Flame                  Conjuration/Fire             3
   d - Inner Flame                    Hexes/Fire                   3
   e - Sticky Flame                   Conjuration/Fire             4
   f - Fireball                       Conjuration/Fire             5
 t - a book of Party Tricks

   Spells                             Type                      Level
   a - Summon Butterflies             Summoning                    1
   b - Apportation                    Translocation                1
   c - Tukima's Dance                 Hexes                        3
   d - Alistair's Intoxication        Transmutation/Poison         4
   e - Invisibility                   Hexes                        6
 u - a book of the Earth

   Spells                             Type                      Level
   a - Leda's Liquefaction            Hexes/Earth                  4
   b - Bolt of Magma                  Conjuration/Fire/Earth       5
   c - Statue Form                    Transmutation/Earth          6
   d - Iron Shot                      Conjuration/Earth            6
   e - Shatter                        Earth                        9
 P - an Akashic Record {highlevel}

   This book is beyond your current level of understanding.

   Spells                             Type                      Level
   a - Dispersal                      Translocation                6
   b - Controlled Blink               Translocation                7
   c - Malign Gateway                 Summoning/Translocation      7
   d - Disjunction                    Translocation                8
   e - Singularity                    Translocation                9
 T - a book of Annihilations {highlevel}

   This book is beyond your current level of understanding.

   Spells                             Type                      Level
   a - Poison Arrow                   Conjuration/Poison           6
   b - Chain Lightning                Conjuration/Air              8
   c - Lehudib's Crystal Spear        Conjuration/Earth            8
   d - Glaciate                       Conjuration/Ice              9
   e - Fire Storm                     Conjuration/Fire             9
 V - Ohicoc's Incunabulum of Combat Magic and the Snowflakes
   (Sif Muna gifted it to you on level 12 of the Dungeon)

   Spells                             Type                      Level
   a - Throw Frost                    Conjuration/Ice              2
   b - Venom Bolt                     Conjuration/Poison           5
   c - Bolt of Cold                   Conjuration/Ice              6
   d - Orb of Destruction             Conjuration                  7
Comestibles
 c - 4 meat rations
 d - a bread ration
 j - a beef jerky
 S - a slice of pizza


   Skills:
 + Level 6.7 Fighting
 + Level 10.1 Dodging
 - Level 5.0 Stealth
 + Level 6.7 Spellcasting
 * Level 9.5 Conjurations
 * Level 9.5 Fire Magic


You had 8 spell levels left.
You knew the following spells:

 Your Spells              Type           Power        Failure   Level  Hunger
a - Flame Tongue          Conj/Fire      #####        1%          1    None
b - Conjure Flame         Conj/Fire      #####...     1%          3    #......
c - Sticky Flame          Conj/Fire      #####...     1%          4    ###....
d - Fireball              Conj/Fire      #####.....   6%          5    #####..


Dungeon Overview and Level Annotations

Branches:
Dungeon (12/15)            Temple (1/1) D:7            Lair (0/8) D:11
    Orc (0/4) D:12

Altars:
Ashenzari
Cheibriados
Dithmenos
Elyvilon
Fedhas
Gozag
Kikubaaqudgha
Makhleb
Nemelex Xobeh
Okawaru
Qazlal
Ru
Sif Muna
Trog
Vehumet
Xom
Yredelemnul
Zin
The Shining One

Shops:
D:5 [   D:7 [

Annotations:
D:11 Gastronok


Innate Abilities, Weirdness & Mutations

You cannot wear armour.
You are incapable of wielding weapons or throwing items.
Your paws have sharp claws.
You have razor-sharp teeth.
You have supernaturally acute eyesight.
You are carnivorous and can eat meat at any time.
You cover ground quickly.
You are covered in thick fur (AC +2).
You have a slow metabolism.


Message History

Unknown command.
Casting: Fireball
Confirm with . or Enter, or press ? or * to list all spells.
Aiming: Fireball
Press: ? - help, Shift-Dir - straight line The fireball explodes!
The fireball engulfs the centaur warrior.
The centaur warrior is moderately wounded.
The fireball engulfs the tengu reaver.
The tengu reaver is moderately wounded.
Unknown command.
The tengu reaver is engulfed in a cloud of scalding steam.
The centaur warrior shoots an arrow.
The arrow hits you!
* * * LOW HITPOINT WARNING * * *
The tengu reaver mumbles some strange words.
The tengu reaver conjures a globe of magical energy!
You see here an arrow.
The centaur warrior shoots an arrow.
The arrow hits you!!
Ouch! That really hurt!
You die...

#..# #..# #. #..# #..# #. #..#
#..# #. ####..# #..# #. ......#
###### #..# #. ..%...#
######....###..#########.
≈≈≈≈≈≈≈≈≈≈≈≈≈≈≈≈.(...............
###############≈.####............
..............#≈@# #..####..####
..............#≈(# #..# #..#
############..#≈.# #..# #..#
#..#≈(# #..# #<.# #).#≈.# #..#
#..#### #..#≈(# #..# #......
#..#≈*# #..# #...... #..#[Q# #..#
#...... #..#c)# #..# #......


You could see a tengu reaver and a centaur warrior.

Vanquished Creatures
  A centaur warrior (D:12)
  An unseen horror (D:11)
  The ghost of hellfiend the Vexing, an experienced DsEn of Okawaru (D:9)
  4 hill giants
  A cyclops (D:12)
  2 manticores (D:12)
  A gargoyle (D:12)
  Joseph (D:11)
  A kobold demonologist (D:11)
  2 trolls
  A centaur simulacrum (D:12)
  A spriggan (D:8)
  4 yaks
  A hungry ghost (D:12)
  3 hippogriffs
  A wyvern (D:12)
  A soldier ant (D:12)
  Edmund (D:9)
  A water moccasin (D:11)
  3 porcupines (D:11)
  2 sky beasts
  2 ice beasts
  A phantom (D:6)
  5 orc warriors
  4 centaurs
  4 crocodiles (D:11)
  Duvessa (D:4)
  6 ogres
  4 big kobolds
  A gnoll sergeant (D:10)
  A wyvern zombie (D:9)
  8 giant frogs
  3 scorpions
  5 killer bees
  7 wights
  3 electric eels (D:12)
  A centaur zombie (D:7)
  Dowan (D:4)
  A crimson imp (D:12)
  2 giant frog skeletons
  A jelly (D:8)
  5 orc priests
  Crazy Yiuf (D:4)
  6 hounds
  A centaur skeleton (D:10)
  An iguana (D:5)
  Natasha (D:3)
  7 orc wizards
  A killer bee zombie (D:9)
  5 worker ants
  A sheep (D:11)
  Jessica (D:3)
  A hound zombie (D:8)
  A mummy (D:12)
  Robin (D:3)
  10 gnolls
  4 river rats (D:11)
  11 adders
  2 shadow imps
  A giant mite (D:1)
  An adder zombie (D:6)
  2 adder skeletons (D:4)
  9 giant geckos
  2 oozes
  42 orcs
  15 bats
  A bat zombie (D:5)
  19 hobgoblins
  20 jackals
  34 kobolds
  8 quokkas
  6 giant cockroaches
  4 giant newts
  A giant spore (D:6)
  31 goblins
  A jackal zombie (D:11)
  A quokka skeleton (D:4)
  15 rats
  A ballistomycete (D:6)
369 creatures vanquished.

Notes
Turn   | Place    | Note
--------------------------------------------------------------
     0 | D:1      | hellcat, the Felid Fire Elementalist, began the quest for the Orb.
     0 | D:1      | Reached XP level 1. HP: 7/7 MP: 4/4
     0 | D:1      | here it ends
    69 | D:1      | Reached skill level 1 in Conjurations
   135 | D:1      | Reached XP level 2. HP: 7/11 MP: 0/5
   329 | D:1      | Reached skill level 3 in Dodging
   435 | D:1      | Reached XP level 3. HP: 8/14 MP: 0/8
   668 | D:2      | Learned a level 3 spell: Conjure Flame
  1257 | D:2      | Reached XP level 4. HP: 16/18 MP: 2/11
  1450 | D:3      | Noticed Natasha
  1624 | D:3      | Learned a level 4 spell: Sticky Flame
  1953 | D:3      | Noticed Robin
  2272 | D:3      | Noticed Jessica
  2277 | D:3      | Killed Jessica
  2387 | D:3      | Reached skill level 4 in Stealth
  2429 | D:3      | Reached XP level 5. HP: 16/21 MP: 3/12
  2461 | D:3      | Killed Robin
  2464 | D:3      | Killed Natasha
  2721 | D:4      | Noticed Dowan
  2733 | D:4      | Killed Dowan
  2837 | D:4      | Gained mutation: You are covered in thick fur (AC +2). [growing up]
  2837 | D:4      | Reached XP level 6. HP: 4/24 MP: 3/16
  3045 | D:4      | Noticed Duvessa
  3057 | D:4      | Killed Duvessa
  3108 | D:4      | Noticed Crazy Yiuf
  3132 | D:4      | Killed Crazy Yiuf
  3132 | D:4      | Reached skill level 5 in Stealth
  3542 | D:5      | Entered Level 5 of the Dungeon
  3571 | D:5      | Found Camir's Armour Shop.
  3668 | D:5      | Reached XP level 7. HP: 23/27 MP: 3/18
  4335 | D:6      | Reached skill level 1 in Fighting
  4417 | D:6      | Reached skill level 5 in Dodging
  4519 | D:6      | Learned a level 5 spell: Fireball
  4693 | D:7      | Found a staircase to the Ecumenical Temple.
  4729 | Temple   | Entered the Ecumenical Temple
  4766 | Temple   | Became a worshipper of Sif Muna the Loreminder
  4811 | D:7      | Reached skill level 5 in Fire Magic
  4811 | D:7      | Reached XP level 8. HP: 28/33 MP: 15/20
  4843 | D:7      | Found Ateaf's Armour Shoppe.
  4848 | D:7      | Found a stormy altar of Qazlal.
  5143 | D:6      | Reached skill level 5 in Conjurations
  5399 | D:6      | Acquired Sif Muna's first power
  5700 | D:7      | Reached skill level 6 in Dodging
  5992 | D:8      | Found a sacrificial altar of Ru.
  6110 | D:8      | Got a coiled silver ring
  6112 | D:8      | Identified the ring "Puihoh" {Str+3 Int+1 SInv} (You found it on level 8 of the Dungeon)
  6144 | D:8      | Found an iron altar of Okawaru.
  6452 | D:8      | Reached XP level 9. HP: 30/38 MP: 14/23
  6575 | D:8      | Acquired Sif Muna's second power
  6770 | D:9      | Reached skill level 7 in Dodging
  6785 | D:9      | Noticed a wizard
  6786 | D:9      | Noticed a manticore
  6996 | D:9      | Noticed a cyclops
  7002 | D:9      | Noticed Edmund
  7037 | D:9      | Killed Edmund
  7122 | D:9      | Noticed hellfiend's ghost (experienced DsEn)
  7141 | D:9      | Killed hellfiend's ghost
  7141 | D:9      | Reached skill level 5 in Spellcasting
  7295 | D:9      | Reached XP level 10. HP: 35/43 MP: 13/25
  7429 | D:10     | Entered Level 10 of the Dungeon
  7695 | D:10     | Reached skill level 5 in Fighting
  7695 | D:10     | Reached skill level 8 in Dodging
  7749 | D:10     | Noticed a hill giant
  7813 | D:10     | Killed a hill giant
  8102 | D:10     | Noticed a hill giant
  8125 | D:10     | Killed a hill giant
  8125 | D:10     | Acquired Sif Muna's third power
  8243 | D:11     | Noticed Gastronok
  8273 | D:11     | Noticed Joseph
  8337 | D:11     | HP: 1/44 [Joseph/uncursed quarterstaff of crushing (12)]
  8337 | D:11     | Slain by Joseph
  8338 | D:11     | Reached XP level 9. HP: 0/40 MP: 9/25
  8383 | D:11     | Noticed an unseen horror
  8403 | D:11     | Killed Joseph
  8514 | D:11     | Reached skill level 9 in Dodging
  8514 | D:11     | Reached XP level 10. HP: 36/45 MP: 4/26
  8563 | D:11     | Killed an unseen horror
  8649 | D:11     | Found a staircase to the Lair.
  8906 | D:11     | Noticed a kobold demonologist
  8909 | D:11     | Killed a kobold demonologist
  8914 | D:11     | Noticed a kobold demonologist
  9053 | D:12     | Noticed a cyclops
  9086 | D:12     | Killed a cyclops
  9144 | D:12     | Noticed a hill giant
  9156 | D:12     | Killed a hill giant
  9307 | D:12     | Noticed a manticore
  9335 | D:12     | Noticed a centaur warrior
  9343 | D:12     | Killed a centaur warrior
  9343 | D:12     | Reached XP level 11. HP: 39/49 MP: 4/28
  9356 | D:12     | Slain by a manticore
  9357 | D:12     | Reached XP level 10. HP: -2/46 MP: 1/27
  9358 | D:12     | Killed a manticore
  9384 | D:12     | Noticed a manticore
  9405 | D:12     | Killed a manticore
  9483 | D:12     | Noticed a hill giant
  9491 | D:12     | Killed a hill giant
  9491 | D:12     | Reached skill level 10 in Dodging
  9526 | D:12     | Found a white marble altar of Elyvilon.
  9686 | D:12     | Found a staircase to the Orcish Mines.
  9763 | D:12     | Received a gift from Sif Muna
  9766 | D:12     | Identified Ohicoc's Incunabulum of Combat Magic and the Snowflakes (Sif Muna gifted it to you on level 12 of the Dungeon)
  9942 | D:12     | Noticed a frost giant
  9960 | D:12     | Killed from afar by a frost giant
  9961 | D:12     | Reached XP level 9. HP: -9/42 MP: 13/26
 10118 | D:12     | Noticed a stone giant
 10126 | D:12     | Noticed a centaur warrior
 10129 | D:12     | Noticed a tengu reaver
 10132 | D:12     | Shot with an arrow by a centaur warrior

Action                   |  1- 3 |  4- 6 |  7- 9 | 10-12 || total
-------------------------+-------+-------+-------+-------++-------
Melee: Unarmed           |    33 |    30 |   251 |    60 ||   374
 Cast: Flame Tongue      |    59 |   141 |   299 |   213 ||   712
       Conjure Flame     |       |     6 |    17 |    36 ||    59
       Sticky Flame      |       |     3 |     8 |     9 ||    20
       Fireball          |       |       |    17 |    44 ||    61
Invok: Channel Energy    |       |       |    28 |   152 ||   180
Evoke: Wand              |       |     2 |       |     1 ||     3
  Use: Scroll            |       |     8 |     8 |     3 ||    19
       Potion            |       |     1 |     2 |     3 ||     6
 Stab: Sleeping          |     3 |     2 |     2 |     2 ||     9
  Eat: Chunk             |     8 |     5 |    19 |    45 ||    77
